[Event "Early-Titled-Tuesday-Blitz-October-24-2023"]
[Site "Chess.com"]
[Date "2023.10.24"]
[Round "4"]
[White "Predator0608"]
[Black "milovichalex"]
[Result "1-0"]
[WhiteElo "2507"]
[BlackElo "2308"]
[TimeControl "180+1"]
[EndTime "8:37:46 PDT"]
[Termination "Predator0608 won by resignation"]

1. e4 e5 2. Nf3 Nc6 3. Bc4 Nf6 4.
Ng5 d5 5. exd5 Na5 6. Bb5+ c6 7. dxc6 bxc6 8. Bd3 Ng4 9. Ne4 f5 10. Be2 h5 11. h3 fxe4 12. hxg4 Bc5 13. Nc3 Qd4 14. Rf1 hxg4 15. Bxg4 Rh1 16. Nxe4 Qxe4+ 17. Qe2 Rxf1+ 18. Kxf1 Qxg4 19. Qxe5+ Be7 20. f3 Qg5 21. Qe2 Qb5 22. d3 Qh5 23. b4 Nb7 24. b5 Qxb5 25.
Ba3 c5 26. Re1 Qd7 27. Qe4 Rb8 28. Qg6+ Kd8 29. Qxg7 Bd6 30. Qc3 Bg3 31. Qf6+ Kc7 32. Re7 Bd6 33. Rxd7+ Bxd7 34. Bb2 Re8 35. Qg5 Na5 36.
f4 Nc6 37. g4 Nd4 38. Bxd4 cxd4 39. f5 Bb4 40. Qf4+ Bd6 41. Qxd4 Bc6 42. f6 Rh8 43.
f7 Rh1+ 44. Kf2 Rh2+ 45. Ke1 Bf3 46. Qxd6+ Kxd6 47. f8=Q+ 1-0

[Event "Early-Titled-Tuesday-Blitz-October-24-2023"]
[Site "Chess.com"]
[Date "2023.10.24"]
[Round "4"]
[White "vaniavindy"]
[Black "ylr5000"]
[Result "0-1"]
[WhiteElo "2189"]
[BlackElo "2442"]
[TimeControl "180+1"]
[EndTime "8:37:46 PDT"]
[Termination "ylr5000 won on time"]

1. d4 Nf6 2. c4 g6 3. Nc3 d5 4. cxd5 Nxd5 5. e4 Nxc3 6. bxc3 Bg7 7. Be3 O-O 8. Bc4 b6 9. Ne2 Bb7 10. f3 Nd7 11. O-O e6 12. Qc2 c5 13. Rad1 cxd4 14.
cxd4 Rc8 15. Qb3 Qe7 16. Bd2 Rfd8 17. Bb4 Qg5 18. f4 Qh4 19. Ng3 Nf8 20. Bc3 Rc7 21.
Bb2 Rcd7 22. Qe3 Qe7 23. Ne2 Qb4 24. Bb3 Ba6 25. e5 Bb7 26. Rfe1 Bd5 27. Bc3 Qa3 28.
Bxd5 Rxd5 29. Rd2 Nd7 30. Red1 b5 31. Qf2 Nb6 32. Bb2 Qb4 33. a3 Qe7 34. Rd3 Nc4 35.
Bc1 b4 36. axb4 Qxb4 37. Nc3 R5d7 38. Ne4 a5 39. Qe2 a4 40. Nc5 Rd5 41. Na6 Qb5 42. Nc5 Bf8 43. Ne4 Be7 44. Nc3 Qb4 45. Nxd5 Rxd5 46.
Bd2 Qb5 47. Bc1 Kg7 48. Qa2 Bb4 49. Be3 a3 50. Bf2 Nb2 0-1

[Event "Early-Titled-Tuesday-Blitz-October-24-2023"]
[Site "Chess.com"]
[Date "2023.10.24"]
[Round "4"]
[White "verrbaa"]
[Black "VOneChess"]
[Result "1/2-1/2"]
[WhiteElo "2447"]
[BlackElo "2266"]
[TimeControl "180+1"]
[EndTime "8:37:47 PDT"]
[Termination "Game drawn by repetition"]

1. e4 d5 2. exd5 Nf6 3. d4 Bg4 4. Nf3 Qxd5 5. Be2 Nc6 6. c4 Qh5 7. Nc3 O-O-O 8. Be3 e5 9. d5 e4 10. Nd2 Ne5 11. Ndxe4 Nxe4 12. Bxg4+ Nxg4 13. Nxe4 Bb4+ 14. Nc3 Rhe8 15. h3 Rxe3+ 16. fxe3 Qh4+ 17. Kd2 Ne5 18. Qe2 Nxc4+ 19. Kc2 Bxc3 20. Kxc3 Qf6+ 21. Kb3 Qb6+ 22. Kc3 Rxd5 23. b4 Nxe3 24. Rhe1 Qd4+ 25. Kb3 Re5 26.
Rad1 Nxd1 27. Qxe5 Qd3+ 28. Ka4 Qa6+ 29. Kb3 Qd3+ 30.
Ka4 Qa6+ 31. Kb3 Qd3+ 1/2-1/2

[Event "Early-Titled-Tuesday-Blitz-October-24-2023"]
[Site "Chess.com"]
[Date "2023.10.24"]
[Round "4"]
[White "scarabee43"]
[Black "OparinGrigoriy"]
[Result "0-1"]
[WhiteElo "2800"]
[BlackElo "2987"]
[TimeControl "180+1"]
[EndTime "8:37:48 PDT"]
[Termination "OparinGrigoriy won by resignation"]

1. d4 Nf6 2. c4 e6 3. Nf3 b6 4. g3 Ba6 5. Qc2 c5 6. Bg2 Bb7 7.
dxc5 bxc5 8. Nc3 Be7 9. O-O O-O 10. Bf4 d5 11. cxd5 exd5 12. Rfd1 Na6 13. a3 Re8 14. Rac1 h6 15. h4 Qb6 16. e3 Rac8 17.
Ne5 Red8 18. Na4 Qe6 19. Kh2 h5 20. f3 Bd6 21. Bh3 Qe8 22. Bxc8 Rxc8 23. Nd3 Be7 24. Bg5 d4 25. e4 c4 26. b3 cxd3 27. Qxd3 Rd8 28.
Ra1 Nc7 29. Nb2 Ne6 30. Bd2 Nc5 31. Qc2 Ncxe4 32. fxe4 Bxe4 33. Qc4 Ng4+ 34. Kg1 Bd6 35. Be1 Ne3 36. Qxd4 Nxd1 37. Rxd1 Bc7 38. Qc3 Rc8 39. Qd2 Qe6 40. Bf2 Qxb3 41. Rc1 Qf3 42. Kf1 Rd8 43. Qe3 Qg2+ 44. Ke2 Bb6 45. Qf4 Bxf2 46. Qxf2 Rd2+ 0-1

[Event "Early-Titled-Tuesday-Blitz-October-24-2023"]
[Site "Chess.com"]
[Date "2023.10.24"]
[Round "4"]
[White "sjoerd893"]
[Black "dawid498"]
[Result "1-0"]
[WhiteElo "2532"]
[BlackElo "2682"]
[TimeControl "180+1"]
[EndTime "8:37:48 PDT"]
[Termination "sjoerd893 won by checkmate"]

1. e4 c5 2. Nf3 e6 3. d4 cxd4 4. Nxd4 Nc6 5. Nc3 Qc7 6. Be3 a6 7. f3 Nf6 8. Qd2 Be7 9. O-O-O O-O 10. g4 b5 11. Nxc6 dxc6 12. g5 Nh5 13. Qf2 e5 14. h4 Be6 15. Bb6 Qb7 16. Bh3 Bxh3 17. Rxh3 Nf4 18. Rh2 Rac8 19. Be3 Ne6 20. Qg3 b4 21.
Ne2 Qb5 22. h5 a5 23. g6 fxg6 24. hxg6 h6 25. Qg4 Rf6 26. Ng3 Qc4 27. Nf5 Bc5 28. Bxc5 Qxc5 29. Kb1 Rcf8 30. Nxh6+ gxh6 31. Rxh6 Qe7 32.
Rdh1 Qg7 33. Rh8+ Qxh8 34. Rxh8+ Kxh8 35. Qh5+ Kg7 36. Qh7# 1-0

[Event "Early-Titled-Tuesday-Blitz-October-24-2023"]
[Site "Chess.com"]
[Date "2023.10.24"]
[Round "4"]
[White "nitpicker"]
[Black "Sanyura"]
[Result "0-1"]
[WhiteElo "2260"]
[BlackElo "2598"]
[TimeControl "180+1"]
[EndTime "8:37:49 PDT"]
[Termination "Sanyura won on time"]

1. d4 c5 2. d5 e6 3. c4 exd5 4. cxd5 d6 5. Nc3 Nf6 6. Nf3 g6 7. g3 Bg7 8. Bg2 O-O 9. O-O Re8 10. Nd2 a6 11. a4 Nbd7 12. h3 Rb8 13. Nc4 Ne5 14.
Nxe5 Rxe5 15. a5 b5 16. axb6 Qxb6 17. f4 Re8 18. e4 c4+ 19. Kh2 Nd7 20. Qe2 a5 21.
Rd1 Nc5 22. Ra2 Nd3 23. Be3 Qb3 24. Rxa5 Nxb2 25. Rc1 Bxc3 26. Ra7 Nd3 27. Rf1 Rb7 28. Ra8 Bd7 29. Rxe8+ Bxe8 30. e5 Qb2 31. Qf3 Ne1 32.
Qe4 Nxg2 33. Rf2 Nxe3 34. Rxb2 Rxb2+ 35. Kg1 Nf5 36. g4 Bd4+ 0-1

[Event "Early-Titled-Tuesday-Blitz-October-24-2023"]
[Site "Chess.com"]
[Date "2023.10.24"]
[Round "4"]
[White "IMRosen"]
[Black "JimDiGrease"]
[Result "0-1"]
[WhiteElo "2567"]
[BlackElo "2879"]
[TimeControl "180+1"]
[EndTime "8:37:53 PDT"]
[Termination "JimDiGrease won on time"]

1. e4 c5 2. Nc3 e6 3. Nf3 Nc6 4. d4 cxd4 5. Nxd4 Nf6 6. a3 d6 7. g3 Be7 8. Bg2 Nxd4 9. Qxd4 a6 10. O-O O-O 11. h3 Qc7 12. Be3 Bd7 13. f4 Bc6 14.
Rad1 Rfd8 15. Kh2 Nd7 16. Qd2 b5 17. Qf2 Rac8 18. Rd2 a5 19. Rfd1 b4 20. axb4 axb4 21. Ne2 Qb7 22. Rd4 e5 23. Rc4 Bb5 24. Rxc8 Rxc8 25. c3 Bxe2 26. Qxe2 bxc3 27. bxc3 Rxc3 28. Qd2 Rb3 29. Rc1 h6 30. Rc2 Nf6 31. Rc4 Rb2 32.
Qd3 Qa6 33. fxe5 dxe5 34. Bc1 Rf2 35. Be3 Rb2 36. Bc1 Ra2 37. Qc3 Kh7 38. Rc7 Qe2 0-1

[Event "Early-Titled-Tuesday-Blitz-October-24-2023"]
[Site "Chess.com"]
[Date "2023.10.24"]
[Round "4"]
[White "Sanan_Sjugirov"]
[Black "ozates"]
[Result "1/2-1/2"]
[WhiteElo "2942"]
[BlackElo "2735"]
[TimeControl "180+1"]
[EndTime "8:37:55 PDT"]
[Termination "Game drawn by repetition"]

1. d4 Nf6 2. c4 e6 3. Nf3 d5 4. Nc3 c5 5. e3 Nc6 6. a3 cxd4 7. exd4 Be7 8. c5 O-O 9. Bd3 Nd7 10. O-O Bf6 11. Bb5 Qc7 12. Re1 a6 13. Bxc6 bxc6 14. Bg5 Bxg5 15. Nxg5 e5 16. dxe5 Nxe5 17. h3 Bf5 18. Qd4 Rfe8 19. Qf4 Bg6 20. Kh1 Re7 21. Nf3 Rae8 22. Re3 f6 23. Rae1 Kf8 24. Nd4 Qd7 25.
Qg3 Nc4 26. Rxe7 Rxe7 27. Rxe7 Qxe7 28. Nxc6 Qxc5 29. Qb8+ Be8 30. Nb4 Qxf2 31. Nbxd5 Qe1+ 32. Kh2 Nd2 33. Qd6+ Kf7 34. Qc7+ Kf8 35. Qc5+ Kf7 36. Qc7+ Kf8 37. Qc5+ Kf7 38. Qc7+ 1/2-1/2

[Event "Early-Titled-Tuesday-Blitz-October-24-2023"]
[Site "Chess.com"]
[Date "2023.10.24"]
[Round "4"]
[White "AnaKuchava"]
[Black "Maluco_do_Natal_00"]
[Result "0-1"]
[WhiteElo "2229"]
[BlackElo "2008"]
[TimeControl "180+1"]
[EndTime "8:37:55 PDT"]
[Termination "Maluco_do_Natal_00 won on time"]

1. d4 d5 2. Nf3 Nf6 3. c4 c6 4. Qb3 Nbd7 5. Bg5 Qb6 6. c5 Qxb3 7. axb3 Ne4 8. Bf4 h6 9. Nc3 g5 10. Bg3 Nxg3 11. hxg3 Bg7 12. b4 e5 13. e3 g4 14. Nh4 exd4 15. exd4 Bxd4 16. Nf5 Bf6 17. Nd6+ Kf8 18. Be2 Ne5 19. b5 Kg7 20. bxc6 bxc6 21. Rh5 Kg6 22. Rh1 h5 23. O-O-O Rd8 24. Rhe1 Bg5+ 25. Kb1 Bf6 26. Kc2 Nd7 27. Bd3+ Kg7 28. b4 a5 29. Nf5+ Kf8 30. b5 Nxc5 31. bxc6 Nxd3 32.
Kxd3 Bxf5+ 33. Kd2 Rac8 34. Rc1 Bg5+ 35. Ke2 Bxc1 36. Rxc1 Rxc6 0-1

[Event "Early-Titled-Tuesday-Blitz-October-24-2023"]
[Site "Chess.com"]
[Date "2023.10.24"]
[Round "4"]
[White "Magila31"]
[Black "IriBu"]
[Result "1-0"]
[WhiteElo "2390"]
[BlackElo "2569"]
[TimeControl "180+1"]
[EndTime "8:37:56 PDT"]
[Termination "Magila31 won by resignation"]

1. Nf3 Nf6 2. g3 b6 3. Bg2 Bb7 4. O-O e6 5. c4 Be7 6. Nc3 d5 7. cxd5 Nxd5 8. Qc2 O-O 9. a3 c5 10. d3 Nd7 11. Bd2 Rc8 12. Rac1 Bf6 13. Ne4 Be7 14. Nc3 h6 15. Rfd1 Qc7 16. Nxd5 Bxd5 17. b4 Qb7 18. e4 Bc6 19. Qb3 Qa6 20. Re1 Ba4 21. Qb1 Bb5 22. d4 Bd3 23. Qb2 Nf6 24. Ne5 Bb5 25. bxc5 bxc5 26. d5 exd5 27. exd5 Bd6 28. Nc6 Bxc6 29. dxc6 Rb8 30. Qc3 Qa4 31. Bxh6 Rb3 32. Qd2 Ng4 33.
Qg5 Nxh6 34. Re4 Qxa3 35. Rd1 c4 36. Rxc4 Rd3 37. Rdc1 Be7 38. Qf4 Qd6 39. Qxd6 Bxd6 40. c7 Rc8 41. Bb7 Rxc7 42. Rxc7 Bxc7 43. Rxc7 a5 44.
Rc8+ Kh7 45. Be4+ f5 46. Bxd3 a4 47. Bc4 a3 48. Ra8 Ng4 49. Rxa3 Ne5 50. Be2 Kg6 51. Ra6+ 1-0

[Event "Early-Titled-Tuesday-Blitz-October-24-2023"]
[Site "Chess.com"]
[Date "2023.10.24"]
[Round "4"]
[White "Grandmaster1369"]
[Black "Beca95"]
[Result "1-0"]
[WhiteElo "2804"]
[BlackElo "2931"]
[TimeControl "180+1"]
[EndTime "8:37:57 PDT"]
[Termination "Grandmaster1369 won on time"]

1. e4 c5 2. Nc3 a6 3. g3 b5 4.
Bg2 Bb7 5. d3 e6 6. Nh3 Nc6 7.
O-O Nd4 8. f4 Ne7 9. Be3 Nec6 10.
f5 Be7 11. Rf2 Ne5 12. g4 h6 13. Nf4 Bh4 14. Rf1 Bg5 15. Qd2 Qe7 16. h3 d6 17.
Nh5 Rg8 18. f6 gxf6 19. Bxg5 Rxg5 20. Nxf6+ Kd8 21. Ne2 Nxe2+ 22. Qxe2 Kc7 23. Rf2 Rh8 24. Raf1 Kb8 25. c3 c4 26. d4 Nd3 27. Rf3 Qc7 28.
b3 d5 29. e5 Rg6 30. Nh5 Rh7 31. Nf6 Rhg7 32. Ne8 Qe7 33. Nxg7 Rxg7 34. bxc4 dxc4 35. Rf6 h5 36. Bxb7 Qxb7 37. Qg2 hxg4 38. Qxb7+ Kxb7 39. Rxf7+ Rxf7 40. Rxf7+ Kc6 41. h4 b4 42. cxb4 c3 43. h5 c2 44. Rf1 c1=Q 45. Rxc1+ Nxc1 46. Kf2 Nd3+ 47. Kg3 Nxb4 48. h6 Kd5 49. h7 Kxd4 50.
h8=Q Nxa2 51. Qd8+ Ke4 52. Qa8+ Kf5 53. Qf8+ Ke4 54.
Qf4+ Kd5 55. Qd2+ Kxe5 56. Qxa2 1-0

[Event "Early-Titled-Tuesday-Blitz-October-24-2023"]
[Site "Chess.com"]
[Date "2023.10.24"]
[Round "4"]
[White "Blitzstream"]
[Black "biostatistician"]
[Result "1-0"]
[WhiteElo "2843"]
[BlackElo "2563"]
[TimeControl "180+1"]
[EndTime "8:37:57 PDT"]
[Termination "Blitzstream won by resignation"]

1. e4 e5 2. Nf3 Nc6 3. d4 exd4 4. Nxd4 Nf6 5. Nxc6 bxc6 6. e5 Qe7 7. Qe2 Nd5 8. c4 Ba6 9. b3 Qh4 10. a3 Nf4 11. Qe4 Ng6 12. Qxh4 Nxh4 13. f4 d6 14. g3 Ng6 15. exd6 cxd6 16. Bg2 Bb7 17. Bb2 O-O-O 18. Nd2 Re8+ 19. Kd1 d5 20. cxd5 cxd5 21. Bd4 Kb8 22. Re1 Rxe1+ 23. Kxe1 f6 24. b4 Bd6 25. Nb3 Ne7 26. Kf2 Nf5 27. Bc5 Rd8 28. Rd1 Ne7 29.
Bxd6+ Rxd6 30. Nc5 Bc6 31. Re1 Nc8 32. a4 Kc7 33. b5 Bd7 34. Rc1 Kb8 35. Ke3 Bf5 36. Kd4 Nb6 37. a5 Nc4 38. Bxd5 Na3 39.
Na6+ Rxa6 40. bxa6 Nb5+ 41. Kc5 Nc7 42. Bc4 Bc8 43.
Re1 Bxa6 44. Re7 Bxc4 45. Kxc4 1-0

[Event "Early-Titled-Tuesday-Blitz-October-24-2023"]
[Site "Chess.com"]
[Date "2023.10.24"]
[Round "4"]
[White "Dixit_Nikhil"]
[Black "AsaHoffmann"]
[Result "1-0"]
[WhiteElo "2610"]
[BlackElo "2384"]
[TimeControl "180+1"]
[EndTime "8:37:58 PDT"]
[Termination "Dixit_Nikhil won by resignation"]

1. e4 d6 2. d4 Nf6 3. Nc3 c6 4. Be2 e5 5. dxe5 dxe5 6. Qxd8+ Kxd8 7. Nf3 Nbd7 8. Bg5 Bb4 9. O-O-O Bxc3 10. bxc3 Ke7 11.
Bd3 Re8 12. Nh4 Kf8 13. Bxf6 Nxf6 14. f3 g5 15. Nf5 Bxf5 16. exf5 Rad8 17. g4 Nd5 18. c4 Nf4 19. Be4 Kg7 20. Rxd8 Rxd8 21. h4 h6 22. hxg5 hxg5 23. Kb2 Rd4 24. Kc3 Ne2+ 25.
Kb3 a5 26. a4 Ng3 27. Re1 Kf6 28.
Kc3 Ke7 29. Rb1 Rd7 30. Re1 Kd6 31. Rd1+ Kc7 32. Rxd7+ Kxd7 33. Kd2 Kd6 34. Bd3 Kc5 35.
f6 Kd6 36. c5+ Ke6 37. Be4 Nxe4+ 38. fxe4 Kxf6 39. Kd3 Ke6 40. c4 Kd7 41. Kc3 Kc7 42.
Kb3 b6 43. Kc3 b5 44. cxb5 cxb5 45. axb5 Kb7 46. Kc4 Kc7 47. Kb3 Kb7 48. Ka4 Kc7 49. Kxa5 1-0

[Event "Early-Titled-Tuesday-Blitz-October-24-2023"]
[Site "Chess.com"]
[Date "2023.10.24"]
[Round "4"]
[White "SergioMoralesG"]
[Black "MANOJ_MISHRA123"]
[Result "1-0"]
[WhiteElo "2397"]
[BlackElo "2184"]
[TimeControl "180+1"]
[EndTime "8:37:58 PDT"]
[Termination "SergioMoralesG won by resignation"]

1. d4 Nf6 2. c4 g6 3. Nc3 Bg7 4. e4 d6 5. Nf3 O-O 6. Be2 e5 7. Be3 exd4 8. Nxd4 Re8 9. f3 c6 10.
Bf2 d5 11. exd5 cxd5 12. c5 Nc6 13. O-O Qe7 14. Nxc6 bxc6 15. Bd4 Rb8 16. Qd2 Bf5 17. Rfe1 Nh5 18. Bxg7 Nxg7 19. a3 Qh4 20. b4 a6 21.
Bxa6 Ne6 22. Ne2 Ng5 23. Qf4 Qh6 24. h4 Rxe2 25. Qxb8+ Kg7 26. Rxe2 Qxh4 27. Qe5+ Kh6 28. Qh2 Bh3 29. Rd1 Kg7 30. Bc8 f5 31. Re7+ Kh6 32.
a4 Qxb4 33. Kh1 Qb5 34. axb5 1-0

[Event "Early-Titled-Tuesday-Blitz-October-24-2023"]
[Site "Chess.com"]
[Date "2023.10.24"]
[Round "4"]
[White "BeautiFullMindChess"]
[Black "Politov_Pavel"]
[Result "1-0"]
[WhiteElo "2261"]
[BlackElo "2046"]
[TimeControl "180+1"]
[EndTime "8:37:58 PDT"]
[Termination "BeautiFullMindChess won by checkmate"]

1. e4 c5 2. Nf3 d6 3. d4 cxd4 4.
Nxd4 Nf6 5. Nc3 a6 6. f3 e5 7. Nb3 Be7 8. Be3 Be6 9. Qd2 O-O 10.
O-O-O Nbd7 11. g4 b5 12. g5 Nh5 13. Ne2 Nb6 14. Ng3 Nf4 15. h4 Nc4 16. Bxc4 bxc4 17.
Na5 Qc7 18. Qc3 Rab8 19. Bxf4 exf4 20. Nf5 Bxf5 21. exf5 d5 22. Rxd5 Bb4 23. Qe5 Qxe5 24.
Rxe5 Rb5 25. Nxc4 Rd8 26. c3 Bc5 27. Rd1 Be3+ 28. Kc2 Rdb8 29. Rxb5 axb5 30. Ne5 Ra8 31. a3 Kf8 32. Nc6 Ke8 33. Nb4 Rc8 34. Rd5 Rb8 35.
Nd3 Ke7 36. Nb4 Rb7 37. Nc6+ Ke8 38. Rd8# 1-0

[Event "Early-Titled-Tuesday-Blitz-October-24-2023"]
[Site "Chess.com"]
[Date "2023.10.24"]
[Round "4"]
[White "I_am_Javi"]
[Black "GroovyKettle"]
[Result "0-1"]
[WhiteElo "2795"]
[BlackElo "2977"]
[TimeControl "180+1"]
[EndTime "8:38:02 PDT"]
[Termination "GroovyKettle won on time"]

1. e4 c6 2. d4 d5 3. e5 Bf5 4. c3 e6 5. Bd3 Ne7 6. Ne2 Nd7 7. O-O Bxd3 8. Qxd3 Nf5 9. Nd2 Be7 10. g4 Nh4 11.
Ng3 f6 12. f4 O-O 13. Nf3 fxe5 14. Nxe5 Nxe5 15. dxe5 Qb6+ 16. Kh1 c5 17. Bd2 Rad8 18. Rae1 c4 19. Qe2 Qxb2 20. Rb1 Qxa2 21. Rxb7 Rf7 22. f5 d4 23. f6 d3 24. fxe7 Rxe7 25. Qe4 Rxb7 26. Qxb7 Ng6 27. Bg5 Rf8 28. Rxf8+ Nxf8 29. Qg2 Qa1+ 30. Qf1 Qxc3 31. Be7 Ng6 32. Bd6 d2 33. Ne4 Qd4 34. Nxd2 Qxd2 35. Qxc4 Nf4 36. Qc8+ Kf7 37.
Qf8+ Kg6 38. Qe8+ Kg5 39. Qe7+ Kxg4 40. Qxg7+ Kf5 41. Qxh7+ Kg4 42. Qg7+ Kf3 43. Qg3+ Ke4 44. h4 a5 45. h5 Qd1+ 46. Kh2 Qxh5+ 0-1

[Event "Early-Titled-Tuesday-Blitz-October-24-2023"]
[Site "Chess.com"]
[Date "2023.10.24"]
[Round "4"]
[White "Wizard_97"]
[Black "Elsa167"]
[Result "0-1"]
[WhiteElo "2615"]
[BlackElo "2866"]
[TimeControl "180+1"]
[EndTime "8:38:03 PDT"]
[Termination "Elsa167 won by checkmate"]

1. e4 e6 2. d4 d5 3. Nd2 c5 4.
exd5 Qxd5 5. dxc5 Nf6 6. Ngf3 Qxc5 7. Bd3 Nbd7 8. O-O Qc7 9. Qe2 b6 10. Ne4 Be7 11. Bg5 Bb7 12. Rad1 O-O 13. Nxf6+ Bxf6 14. Bxh7+ Kxh7 15. Qd3+ Kg8 16. Qxd7 Qxd7 17. Rxd7 Bxf3 18. Bxf6 Be2 19. Bc3 Bxf1 20. Kxf1 Rfd8 21. Rc7 a5 22.
a3 Rd6 23. Ke2 f6 24. h4 Rad8 25. Rb7 e5 26. g3 R8d7 27. Rb8+ Kf7 28. h5 Ke6 29.
Rh8 Rb7 30. Rh7 Rd8 31. h6 Rf7 32. g4 g5 33. Rxf7 Kxf7 34. Ke3 Rh8 35. Ke4 Ke6 36. Kd3 Rxh6 37. Kc4 Rh4 38. Kb5 Rxg4 39. Kxb6 Rf4 40. Kxa5 Rxf2 41. b4 Rxc2 42. Be1 Kd5 43. b5 f5 44. Ka6 f4 45. a4 f3 46. b6 Kc6 47.
Ka7 f2 48. Bxf2 Rxf2 49. a5 Rb2 50. Ka6 e4 51. b7 e3 52. Ka7 Rxb7+ 53. Ka8 Rb5 54.
a6 Kb6 55. a7 Re5 56. Kb8 Re8# 0-1

[Event "Early-Titled-Tuesday-Blitz-October-24-2023"]
[Site "Chess.com"]
[Date "2023.10.24"]
[Round "4"]
[White "sergeikim"]
[Black "giomar27"]
[Result "1-0"]
[WhiteElo "2595"]
[BlackElo "2369"]
[TimeControl "180+1"]
[EndTime "8:38:03 PDT"]
[Termination "sergeikim won by resignation"]

1. d4 Nf6 2. c4 c5 3. d5 b5 4. cxb5 a6 5. b6 d6 6. Nc3 Nbd7 7. e4 Rb8 8. Be2 g6 9. Nf3 Bg7 10. O-O O-O 11. Nd2 Nxb6 12. a4 e6 13. a5 Na8 14.
Nc4 exd5 15. exd5 Bb7 16. Bf4 Ne8 17. Bf3 Nac7 18. Nb6 f5 19. Qd2 Nf6 20. Bg5 Nb5 21.
Nxb5 axb5 22. Rfe1 Qc7 23. Bh6 Rbe8 24. Bxg7 Kxg7 25. h3 Ne4 26. Bxe4 fxe4 27. Qc3+ Re5 28. Rxe4 b4 29. Qe3 Rfe8 30. Rxe5 Rxe5 31. Qd3 c4 32.
Qxc4 Qxc4 33. Nxc4 Rxd5 34. a6 Bc6 35. a7 Rd4 36.
Nb6 Rd2 37. a8=Q Bxa8 38. Rxa8 Rxb2 39. Rb8 Rb1+ 40. Kh2 b3 41. Kg3 Rd1 42. Nc4 Rd4 43. Ne3 Rd3 44. Kf3 d5 45. Ke2 Rc3 46. Kd2 d4 47.
Nd1 Rc2+ 48. Ke1 d3 49. Rxb3 Re2+ 50. Kf1 Rd2 51. Rb1 Rc2 52. Ne3 Rd2 53. Rd1 Rxd1+ 54. Nxd1 Kf6 55. Ke1 Ke5 56. Kd2 Kd4 57. Nb2 g5 58.
Nxd3 h5 59. Ne1 Kd5 60. Ke3 Kc4 61. Nf3 Kb5 62. Nxg5 Kc6 63. Kf4 Kd5 64. Kf5 Kc6 1-0

[Event "Early-Titled-Tuesday-Blitz-October-24-2023"]
[Site "Chess.com"]
[Date "2023.10.24"]
[Round "4"]
[White "Chernov_Mikhail"]
[Black "twofoxniel"]
[Result "1-0"]
[WhiteElo "2403"]
[BlackElo "2580"]
[TimeControl "180+1"]
[EndTime "8:38:03 PDT"]
[Termination "Chernov_Mikhail won on time"]

1. d4 d5 2. Nc3 c6 3. Bf4 Nf6 4.
e3 Bf5 5. Nf3 Nbd7 6. Ne5 Nxe5 7.
Bxe5 e6 8. f3 h6 9. Bd3 Bxd3 10.
Qxd3 Nd7 11. Bg3 Bb4 12. O-O O-O 13. Ne2 Re8 14. c3 Ba5 15. e4 Bc7 16. Bxc7 Qxc7 17. e5 c5 18. f4 Qb6 19. a3 f6 20. Kh1 Rac8 21. exf6 Nxf6 22. dxc5 Rxc5 23. Rab1 Ne4 24. Nd4 Qd6 25. f5 e5 26. Ne6 Rcc8 27. Rbd1 Nf6 28. Qg3 Re7 29. Rfe1 Nd7 30. Qg6 Rce8 31. Qg3 b6 32. Rd3 Nf8 33. Nxf8 Rxf8 34. Red1 Rxf5 35. h3 1-0

[Event "Early-Titled-Tuesday-Blitz-October-24-2023"]
[Site "Chess.com"]
[Date "2023.10.24"]
[Round "4"]
[White "karinachess1"]
[Black "Casper"]
[Result "0-1"]
[WhiteElo "2624"]
[BlackElo "2458"]
[TimeControl "180+1"]
[EndTime "8:38:04 PDT"]
[Termination "Casper won by resignation"]

1. d4 Nf6 2. c4 g6 3. g3 Bg7 4. Bg2 O-O 5. Nc3 c5 6. Nf3 cxd4 7. Nxd4 Nc6 8. Nc2 d6 9. O-O Qa5 10. Nd5 Nxd5 11. cxd5 Ne5 12. Bd2 Qb6 13. Bc3 Bg4 14. Bd4 Qb5 15. f3 Bd7 16. b3 Rfc8 17. Rc1 a5 18. Qd2 a4 19. Na3 Qxd5 20. Rxc8+ Rxc8 21. Rd1 axb3 22. axb3 Qxb3 23. Nb1 Rc2 24. Qe1 Bc6 25.
Nd2 Qa2 26. Be3 Ba4 27. Rc1 Nc6 28. Rxc2 Qxc2 29. Kf2 b5 30. f4 b4 31. Be4 Qc3 32. Qb1 Bd4 33. Nf1 b3 34. Bxc6 Bxc6 35. Bxd4 Qxd4+ 36. e3 Qd5 37. Nd2 Qxd2+ 38. Kf1 Qc2 39. Qa1 b2 0-1

[Event "Early-Titled-Tuesday-Blitz-October-24-2023"]
[Site "Chess.com"]
[Date "2023.10.24"]
[Round "4"]
[White "Taran2004"]
[Black "GM_DarwinLaylo"]
[Result "0-1"]
[WhiteElo "2396"]
[BlackElo "2633"]
[TimeControl "180+1"]
[EndTime "8:38:05 PDT"]
[Termination "GM_DarwinLaylo won by resignation"]

1. e4 d5 2. exd5 Nf6 3. Nc3 Nxd5 4. Bc4 c6 5. Qf3 Be6 6. Nxd5 Bxd5 7. Bxd5 cxd5 8. d4 Nc6 9. c3 e6 10. Bf4 Qb6 11.
Qe2 Be7 12. Nf3 O-O 13. O-O Rac8 14. Ne5 Rfd8 15. Rfe1 Nxe5 16. Bxe5 Bd6 17. f4 Bf8 18. f5 exf5 19. Rab1 Re8 20. Qf3 Qa5 21. a3 f6 22.
Bg3 g6 23. Bh4 Bg7 24. Bg3 Re4 25. Rxe4 fxe4 26. Qg4 f5 27. Qg5 Qd8 28. Qf4 b5 29. Rf1 a5 30. h4 b4 31. axb4 axb4 32. cxb4 Bxd4+ 33. Kh2 Bg7 34. h5 d4 35. h6 Bf6 36.
b5 d3 37. Ra1 Bxb2 38. Rd1 Qb6 39. Bf2 Qf6 40. g3 Be5 41. Qe3 f4 42. Qa7 fxg3+ 43. Bxg3 Qh4+ 44. Kg2 Qxg3+ 45. Kf1 Rf8+ 0-1

[Event "Early-Titled-Tuesday-Blitz-October-24-2023"]
[Site "Chess.com"]
[Date "2023.10.24"]
[Round "4"]
[White "chess123456s"]
[Black "EvgenyBurmakin"]
[Result "1-0"]
[WhiteElo "2531"]
[BlackElo "2334"]
[TimeControl "180+1"]
[EndTime "8:38:05 PDT"]
[Termination "chess123456s won on time"]

1. d4 Nf6 2. Nc3 d5 3. Bf4 Bf5 4. e3 Nbd7 5. Nb5 e5 6. Bxe5 Nxe5 7. dxe5 Ne4 8. Qxd5 c6 9. Qxd8+ Rxd8 10. Nd4 Bg6 11. a3 Bc5 12. Ngf3 O-O 13. Bd3 Rfe8 14. h4 h6 15. h5 Bh7 16. Rh4 Ng5 17. Bxh7+ Kxh7 18. O-O-O Bb6 19. Rg4 Ne6 20. Nxe6 Rxd1+ 21. Kxd1 Rxe6 22. Re4 Bc7 23. Rb4 b6 24. Rf4 Kg8 25. Rf5 g6 26. hxg6 fxg6 27. Rf6 Rxf6 28. exf6 Kf7 29. Nd4 c5 30. Nc6 a6 31. Ke2 Kxf6 32. Kd3 Ke6 33. Na7 Kd7 34. b4 Bb8 35. bxc5 Bxa7 36. cxb6 Bxb6 37. f4 Kd6 38. e4 Bc5 39. a4 Bf2 40. c4 Bg3 41. Ke3 g5 42. f5 Be5 43. g4 Kc5 44. Kd3 Bd4 45. e5 Bxe5 46. Ke4 Bf6 47. Kd3 Bg7 48. a5 Bf6 49. Ke3 Kxc4 50. Ke4 Kc5 51. Kd3 Bd8 52. Ke4 Bf6 53. Kd3 Kb5 54. Ke4 Kxa5 55. Kd5 Kb4 56. Ke6 Bc3 57.
Kf7 a5 58. Kg6 a4 59. Kxh6 a3 60. Kxg5 a2 61. Kg6 a1=Q 62. g5 Bh8 63. f6 Bxf6 64. gxf6 Qg1+ 65. Kf7 Kc5 66. Kf8 Kd6 67. f7 1-0

[Event "Early-Titled-Tuesday-Blitz-October-24-2023"]
[Site "Chess.com"]
[Date "2023.10.24"]
[Round "4"]
[White "leejunhyeok"]
[Black "venturov"]
[Result "1-0"]
[WhiteElo "2666"]
[BlackElo "2481"]
[TimeControl "180+1"]
[EndTime "8:38:06 PDT"]
[Termination "leejunhyeok won by resignation"]

1. d4 Nf6 2. c4 e6 3. Nf3 b6 4. g3 Bb7 5. Bg2 Be7 6. O-O O-O 7.
Re1 Ne4 8. Nfd2 d5 9. cxd5 exd5 10. Nxe4 dxe4 11. Nc3 f5 12. Bf4 Nc6 13. Qb3+ Kh8 14. Rad1 Bd6 15. Bxd6 cxd6 16. e3 Ne7 17. Rc1 Qd7 18.
Bf1 Rac8 19. Qa3 Bc6 20. Ba6 Rc7 21. Rc2 Ba8 22. Rec1 h6 23. Nb5 Rxc2 24. Rxc2 Bc6 25. Nxd6 f4 26. Nc4 fxg3 27. hxg3 Ng6 28. Ne5 Nxe5 29. Qxf8+ Kh7 30. Bc8 Nf3+ 31. Kh1 Qd5 32. Qf5+ g6 33. Qxd5 Bxd5 34. Rc7+ Kg8 35. Bb7 Bxa2 36.
Bxe4 Ng5 37. Bxg6 Kf8 38. f4 Nh3 39. Kg2 Nxf4+ 40. gxf4 Bb1 41. Bxb1 h5 42. Bg6 h4 43.
Rf7+ Kg8 44. d5 b5 45. d6 b4 46. d7 1-0

[Event "Early-Titled-Tuesday-Blitz-October-24-2023"]
[Site "Chess.com"]
[Date "2023.10.24"]
[Round "4"]
[White "Alex_Sahakyan2006"]
[Black "xxysoul6"]
[Result "0-1"]
[WhiteElo "2741"]
[BlackElo "3006"]
[TimeControl "180+1"]
[EndTime "8:38:07 PDT"]
[Termination "xxysoul6 won on time"]

1. d4 Nf6 2. c4 e6 3. Nf3 b6 4. g3 Bb7 5. Bg2 Bb4+ 6. Bd2 Be7 7. O-O O-O 8. Nc3 Ne4 9. d5 Nxd2 10. Qxd2 Na6 11. Nd4 Qc8 12. a3 Rd8 13. b4 c5 14. dxc6 dxc6 15. Qe3 c5 16. Nc6 Bxc6 17.
Bxc6 Qxc6 18. b5 Qb7 19. bxa6 Qxa6 20. Nb5 Qa4 21. Qe4 Bf6 22. Rad1 h6 23. Rd3 a6 24. Nd6 Ra7 25. Rfd1 Rad7 26. Kg2 Bd4 27. Nb7 Rb8 28. Nxc5 bxc5 29. e3 e5 30. exd4 exd4 31. Qf5 Qc6+ 32. Kg1 Re8 33. h4 Rde7 34. Kh2 Re6 35. Qh5 Rf6 36.
R3d2 Re4 37. Rb1 Kh7 38. Qd1 g6 39. Qh1 Qe6 40. Qg2 Re2 41. Rbd1 d3 42. Kg1 Rxd2 0-1